 Dungeon Crawl Stone Soup version 0.22.0 (webtiles) character file.

2442 GroovyGamera the Cleaver (level 9, -5/81 HPs)
             Began as a Minotaur Berserker on Aug 13, 2018.
             Was an Elder of Trog.
             Slain by an orc warrior
             ... wielding a +0 halberd
              (19 damage)
             ... on level 7 of the Dungeon.
             The game lasted 00:14:47 (6097 turns).

GroovyGamera the Cleaver (Minotaur Berserker)       Turns: 6097, Time: 00:14:48

Health: -5/81      AC: 10    Str: 25    XL:     9   Next: 25%
Magic:  8/8        EV: 11    Int:  5    God:    Trog [****..]
Gold:   208        SH:  5    Dex:  9    Spells: 8/8 levels left

rFire    + . .     SeeInvis .   F - +0 broad axe
rCold    + . .     Gourm    .   o - +0 buckler {rC+ rF+}
rNeg     . . .     Faith    .   m - +0 scale mail
rPois    .         Spirit   .   (helmet restricted)
rElec    .         Reflect  .   b - +0 cloak
rCorr    .         Harm     .   (no gloves)
MR       ++...                  t - +0 pair of boots
Stlth    ..........             (no amulet)
HPRegen  1.23/turn              (no ring)
MPRegen  0.11/turn              (no ring)

@: regenerating
A: retaliatory headbutt, horns 2
a: Berserk, Trog's Hand, Brothers in Arms, Renounce Religion


You were on level 7 of the Dungeon.
You worshipped Trog.
Trog was greatly pleased with you.
You were hungry.

You visited 1 branch of the dungeon, and saw 7 of its levels.
You also visited: Sewer.

You collected 208 gold pieces.

Inventory:

Hand Weapons
 y - the +5 mace of Qopnoj {crush, rElec rF- rN+ Int+6}
   (You found it on level 5 of the Dungeon)

   It inflicts extra damage upon your enemies.
   It affects your intelligence (+6).
   It makes you vulnerable to fire.
   It insulates you from electricity.
   It protects you from negative energy.
 F - a +0 broad axe (weapon)
Missiles
 f - 71 bolts
 k - a throwing net
 u - 7 javelins (quivered)
Armour
 b - a +0 cloak (worn)
 m - a +0 scale mail (worn)
 o - a +0 buckler of resistance (worn)
 t - a +0 pair of boots (worn)
Wands
 p - a wand of digging (3)
 v - a wand of iceblast (2)
Scrolls
 a - a scroll of noise {unknown}
 c - 2 scrolls of enchant weapon
 h - 2 scrolls of identify
 i - 4 scrolls of remove curse
 l - 2 scrolls of teleportation {unknown}
 r - a scroll of magic mapping {unknown}
 s - a scroll of blinking
 B - a scroll of fog {unknown}
 C - a scroll of enchant armour {unknown}
Potions
 d - a potion of magic {unknown}
 e - 5 potions of curing
 g - 4 potions of agility
 n - a potion of resistance {unknown}
 q - 2 potions of brilliance {unknown}
 w - a potion of mutation {unknown}
 x - 2 potions of might {unknown}
 A - 2 potions of invisibility {unknown}
 D - 3 potions of flight
 E - 4 potions of heal wounds {unknown}
 G - a potion of berserk rage {unknown}
Comestibles
 j - 10 rations
 z - a chunk of flesh


   Skills:
 + Level 8.1 Fighting
 * Level 10.0 Axes
 + Level 7.6 Armour
 - Level 2.1 Dodging
 + Level 5.4 Shields


You had 8 spell levels left.
You didn't know any spells.
Your spell library was empty.

Dungeon Overview and Level Annotations

Branches:
Dungeon (7/15)             Temple (0/1) D:4

Altars:
Cheibriados
Dithmenos
Qazlal
Uskayaw
Vehumet

Shops:
D:7 !


Innate Abilities, Weirdness & Mutations

You reflexively headbutt those who attack you in melee.
You have a pair of horns on your head.


Message History

You kill the orc wizard!
Trog accepts your kill.
Trog appreciates your killing of a magic user.
Your Axes skill increases to level 10!
The orc warrior hits you from afar with a halberd!
* * * LOW HITPOINT WARNING * * *
The orc warrior misses you. You furiously retaliate!
You headbutt the orc warrior, but do no damage.
Things that are here:
a dagger; a robe You hit the orc warrior but do no damage.
You headbutt the orc warrior, but do no damage.
The orc warrior hits you with a halberd.
* * * LOW HITPOINT WARNING * * *
You closely miss the orc warrior.
The orc warrior hits you with a halberd.
* * * LOW HITPOINT WARNING * * *
You feel better.
The orc warrior hits you with a halberd!!
You die...

# # # # #
#####################
#########.[o@................
..........###################
...........∩# #####
......[.....# .....
..........o.# .≈...
............# ≈≈≈≈.
###+####.>.... .≈≈≈≈ #.##....
≈≈≈≈≈ #.# ..... ..§§.


You could see an orc warrior.

Vanquished Creatures
  A hippogriff (D:7)
  Sigmund (D:2)
  A shadow (D:7)
  Edmund (D:6)
  Duvessa (D:4)
  An ogre (D:5)
  A phantom (D:5)
  2 centaurs
  A bullfrog (D:7)
  Dowan (D:4)
  A wyvern skeleton (D:6)
  A scorpion (D:7)
  5 killer bees (D:7)
  4 howler monkeys
  A centaur zombie (D:5)
  A jelly (D:6)
  Crazy Yiuf (D:5)
  4 orc wizards
  A bullfrog skeleton (D:4)
  An orc priest (D:3)
  2 hounds
  Ijyb (D:4)
  Natasha (twice) (D:3)
  Terence (D:2)
  3 worker ants
  A howler monkey skeleton (D:4)
  4 gnolls (D:6)
  12 adders
  3 river rats (Sewer)
  3 oozes
  3 worms
  2 dart slugs (D:2)
  4 leopard geckos
  11 orcs
  6 bats
  4 giant cockroaches
  6 hobgoblins
  13 jackals
  3 quokkas
  12 ball pythons
  4 frilled lizards
  25 kobolds
  35 rats
191 creatures vanquished.

Notes
Turn   | Place    | Note
-------+----------+-------------------------------------------
     0 | D:1      | GroovyGamera the Minotaur Berserker began the quest for the Orb.
     0 | D:1      | Reached XP level 1. HP: 19/19 MP: 0/0
   245 | D:1      | Reached XP level 2. HP: 27/27 MP: 1/1
   472 | D:2      | Reached skill level 4 in Axes
   476 | D:2      | HP: 1/27 [adder (3)]
   479 | D:2      | Reached XP level 3. HP: 10/33 MP: 2/2
   730 | D:2      | Noticed Sigmund
   942 | D:2      | Noticed Terence
   950 | D:2      | Killed Terence
   950 | D:2      | Reached XP level 4. HP: 20/41 MP: 3/3
  1199 | D:2      | Reached ** piety under Trog
  1226 | D:2      | Killed Sigmund
  1226 | D:2      | Reached skill level 5 in Fighting
  1226 | D:2      | Reached skill level 5 in Axes
  1226 | D:2      | Reached XP level 5. HP: 48/48 MP: 4/4
  1512 | D:2      | Found a faded altar of an unknown god.
  1538 | D:2      | Found a snail-covered altar of Cheibriados.
  1808 | D:3      | Reached XP level 6. HP: 45/56 MP: 5/5
  1899 | D:3      | Found a shadowy altar of Dithmenos.
  2115 | D:3      | Noticed Natasha
  2123 | D:3      | Killed Natasha
  2123 | D:3      | Reached skill level 5 in Armour
  2297 | D:3      | Noticed Natasha
  2306 | D:3      | Killed Natasha
  2306 | D:3      | Reached skill level 6 in Axes
  2635 | D:4      | Reached skill level 1 in Shields
  2693 | D:4      | Reached *** piety under Trog
  2787 | D:4      | Found a staircase to the Ecumenical Temple.
  2964 | D:4      | Noticed Ijyb
  2976 | D:4      | Killed Ijyb
  3158 | D:4      | Noticed Duvessa
  3158 | D:4      | Noticed Dowan
  3172 | D:4      | Killed Duvessa
  3172 | D:4      | Reached XP level 7. HP: 63/63 MP: 6/6
  3177 | D:4      | Killed Dowan
  3621 | D:5      | Entered Level 5 of the Dungeon
  3657 | D:5      | Reached skill level 7 in Axes
  3869 | D:5      | Got a faintly glowing mace
  4062 | D:5      | Found a runed door.
  4066 | D:5      | Noticed Crazy Yiuf
  4074 | D:5      | Killed Crazy Yiuf
  4184 | D:5      | Found a radiant altar of Vehumet.
  4210 | D:5      | Reached XP level 8. HP: 64/71 MP: 7/7
  4215 | D:5      | Found a glowing drain.
  4220 | Sewer    | Entered a sewer
  4398 | Sewer    | Reached **** piety under Trog
  4960 | D:5      | Reached skill level 8 in Axes
  5055 | D:5      | Identified the +5 mace of Qopnoj {crush, rElec rF- rN+ Int+6} (You found it on level 5 of the Dungeon)
  5173 | D:6      | Noticed Edmund
  5181 | D:6      | Killed Edmund
  5549 | D:6      | Found a hide-covered altar of Uskayaw.
  5646 | D:7      | Reached skill level 9 in Axes
  5662 | D:7      | Noticed a hippogriff
  5666 | D:7      | Killed a hippogriff
  5725 | D:7      | Reached skill level 5 in Shields
  5725 | D:7      | Reached XP level 9. HP: 53/80 MP: 8/8
  6038 | D:7      | Found a stormy altar of Qazlal.
  6075 | D:7      | Found Lauvayx's Distillery.
  6093 | D:7      | Reached skill level 10 in Axes
  6096 | D:7      | HP: 3/81 [orc warrior/halberd (6)]
  6097 | D:7      | Slain by an orc warrior

Skill      XL: |  1  2  3  4  5  6  7  8  9 |
---------------+----------------------------+-----
Fighting       | 4 5 6 7 8 |  8.1
Axes           | 4 5 6 7 9 10 | 10.0
Armour         | 3 4 5 6 7 |  7.6
Shields        | 2 3 5 |  5.4
Dodging        | |  2.1

Action                   |  1- 3 |  4- 6 |  7- 9 || total
-------------------------+-------+-------+-------++-------
Melee: Hand axe          |    41 |   210 |   171 ||   422
       Headbutt          |     6 |    35 |    49 ||    90
       Broad axe         |       |       |    88 ||    88
Invok: Trog's Hand       |       |     2 |     2 ||     4
       Berserk           |       |     2 |       ||     2
  Use: Potion            |     1 |       |     1 ||     2
       Scroll            |       |       |     7 ||     7
 Stab: Sleeping          |     1 |       |       ||     1
  Eat: Ration            |       |     1 |       ||     1
       Chunk             |       |     5 |    11 ||    16
Armor: Animal skin       |     7 |       |       ||     7
       Scale mail        |       |    72 |    96 ||   168
Dodge: Dodged            |    24 |    92 |   127 ||   243
Block: Buckler           |       |    19 |    56 ||    75
